 Dungeon Sprint DCSS version 0.21-a0-351-g38363bb (webtiles) character file.

962 Kidiri the Fighter (level 7, -1/73 HPs)
             Began as a Purple Draconian Gladiator on Oct 9, 2017.
             Was a High Priest of Trog.
             Slain by a sixfirhy (9 damage)
             ... summoned by a greater mummy
             ... in the Dungeon (Sprint V: "Ziggurat Sprint").
             The game lasted 00:03:25 (666 turns).

Kidiri the Fighter (Purple Draconian Gladiator)      Turns: 666, Time: 00:03:27

Health: -1/73      AC:  6    Str: 30    XL:     7   Next: 92%
Magic:  16/16      EV: 17    Int:  8    God:    Trog [*****.]
Gold:   0          SH:  0    Dex: 13    Spells: 6/6 levels left

rFire    . . .     SeeInvis +   a - +10 dark maul {crush}
rCold    . . .     Gourm    .   (shield currently unavailable)
rNeg     . . .     Faith    .   (armour unavailable)
rPois    .         Spirit   .   b - +0 hat
rElec    .         Reflect  .   (no cloak)
rCorr    .         Harm     .   (no gloves)
MR       +....     NoTele   +   (no boots)
Stlth    ..........             (no amulet)
HPRegen  0.22/turn              o - +6 ring of strength
MPRegen  0.15/turn              E - ring "Neddaed" {*Slow MP+9 Str+6 SInv Stlth-}

@: short of breath
A: breathe power, unfitting armour, cold-blooded, AC +6
a: Breathe Dispelling Energy, Berserk, Trog's Hand, Brothers in Arms, Burn
Spellbooks, Renounce Religion


You were in the Dungeon.
You worshipped Trog.
Trog was extremely pleased with you.
You were hungry.

You visited 1 branch

Inventory:

Hand Weapons
 a - the +10 dark maul (weapon) {crush}
   (You found it in the Dungeon)

   It inflicts extra damage upon your enemies.
Missiles
 c - 3 throwing nets (quivered)
 H - 4 javelins of penetration
 L - 8 silver tomahawks
Armour
 b - a +0 hat (worn)
Jewellery
 o - a +6 ring of strength (left hand)
 p - a +6 ring of strength
 t - an uncursed ring of ice
 E - the ring "Neddaed" (right hand) {*Slow MP+9 Str+6 SInv Stlth-}
   (You found it in the Dungeon)

   [ring of loudness]

   It affects your strength (+6).
   It affects your magic capacity (+9).
   It lets you see invisible.
   It may slow you when you take damage.
   It makes you less stealthy.
 F - the cursed ring "Onos" {rN++ Str-3 Stlth-}
   (You found it in the Dungeon)

   [ring of strength]

   It affects your strength (-3).
   It greatly protects you from negative energy.
   It makes you less stealthy.
   It has a curse placed upon it.
 J - an uncursed ring of protection from cold
 K - the ring "Femock" {Wiz rN+ SInv}
   (You found it in the Dungeon)

   [ring of wizardry]

   It improves your spell success rate.
   It protects you from negative energy.
   It lets you see invisible.
Wands
 k - a wand of disintegration (7/24)
 l - a wand of iceblast (5/15)
 m - a wand of lightning (5/15)
 n - a wand of acid (5/15)
Scrolls
 j - 4 scrolls of blinking
 w - 3 scrolls of recharging
 x - 7 scrolls of fog
 y - a scroll of holy word
 z - 5 scrolls of identify
 A - 5 scrolls of remove curse
 B - 2 scrolls of fear
 I - a scroll of brand weapon
Potions
 e - 10 potions of curing
 f - 9 potions of heal wounds
 g - 6 potions of haste
 h - 7 potions of magic
 i - 3 potions of berserk rage
 q - 2 potions of brilliance
 r - 2 potions of invisibility
 s - 4 potions of resistance
 u - 5 potions of agility
 v - 5 potions of might
Comestibles
 d - 5 bread rations
 C - 42 fruits
 D - 4 meat rations
 G - 2 chunks of flesh


   Skills:
 * Level 10.4 Fighting
 * Level 9.9 Maces & Flails
 + Level 6.4 Throwing
 * Level 9.1 Dodging


You had 6 spell levels left.
You didn't know any spells.

Dungeon Overview and Level Annotations

Branches:
Dungeon (1/1)

Altars:
Ashenzari
Cheibriados
Dithmenos
Elyvilon
Fedhas
Gozag
Hepliaklqana
Kikubaaqudgha
Makhleb
Nemelex Xobeh
Okawaru
Qazlal
Ru
Sif Muna
Trog
Uskayaw
Vehumet
Wu Jian
Xom
Yredelemnul
Zin
The Shining One
Beogh
Jiyva
Lugonu


Innate Abilities, Weirdness & Mutations

You can breathe bolts of dispelling energy.
Your rich purple scales are hard. (AC +6)
You cannot fit into any form of body armour.
You are cold-blooded and may be slowed by cold attacks.


Message History

The ball python skeleton is engulfed in blazing flames.
You destroy the ball python skeleton!
Trog accepts your kill.
Unknown command.
Your deep troll goes berserk!
You are feeling hungry.
The mummy priest calls on the powers of darkness!
Your deep troll convulses!
Your body is wracked with pain!
The greater mummy gestures at you while chanting.
Something smites you!
Unknown command.
You feel much better. The sixfirhy hits you. The sixfirhy shocks you!
The sixfirhy barely misses you. The sixfirhy hits you! The sixfirhy shocks you!
* * * LOW HITPOINT WARNING * * *
Your deep troll bites the sixfirhy.
Your deep troll claws the sixfirhy!!
Your deep troll claws the sixfirhy!
The sixfirhy hits you.
* * * LOW HITPOINT WARNING * * *
The sixfirhy shocks you!
You die...

▓..=}[..▓
▓..M4}..▓
▓..4M...▓
▓...M...▓
▓...M...▓
.......
▓.▓Z3.▓.▓
▓...@T..▓
▓▓▓▓▓▓▓▓▓


You could see a greater mummy, a mummy priest, an ice devil, a sixfirhy, a chaos
spawn, 2 mummies, a leopard gecko skeleton and a friendly deep troll (berserk).

Vanquished Creatures
  A naga (D)
  A floating eye (D)
  A water moccasin (D)
  An eye of draining (D)
  A wolf (D)
  A bullfrog (D)
  5 scorpions (D)
  A crimson imp (D)
  A jelly (D)
  2 iron imps (D)
  2 adders (D)
  A river rat (D)
  A white imp (D)
  A jackal (D)
  2 ball pythons (D)
  A ball python skeleton (D)
  2 fire vortices (D)
25 creatures vanquished.

Vanquished Creatures (others)
  A spatial maelstrom (D)
1 creature vanquished.

Grand Total: 26 creatures vanquished

Notes
Turn   | Place    | Note
-------+----------+-------------------------------------------
     0 | D        | Found the +6 Majin-Bo {vamp, Archmagi MP+6 Int+6}
     0 | D        | Found the +7 great mace "Firestarter" {inner flame, rF++}
     0 | D        | Kidiri the Draconian Gladiator began the quest for the Orb.
     0 | D        | Reached XP level 1. HP: 17/17 MP: 1/1
     0 | D        | Found a deep blue altar of Sif Muna.
     0 | D        | Found a bloodstained altar of Trog.
     0 | D        | Found a sacrificial altar of Ru.
     0 | D        | Found a stormy altar of Qazlal.
     0 | D        | Found an iron altar of Okawaru.
    10 | D        | Became a worshipper of Trog the Wrathful
    14 | D        | Banished a spatial maelstrom
    18 | D        | Found a sparkling altar of Nemelex Xobeh.
    19 | D        | Found an ancient bone altar of Kikubaaqudgha.
    19 | D        | Found a corrupted altar of Lugonu.
    19 | D        | Found a transporter.
    19 | D        | Found a burning altar of Makhleb.
    19 | D        | Found a viscous altar of Jiyva.
    19 | D        | Found a hazy altar of Hepliaklqana.
    26 | D        | Found the +9 heavy crossbow "Sniper" {velocity, Acc+∞ SInv}
    26 | D        | Found the +10 dark maul {crush}
    26 | D        | Found the +15 Maxwell's patent armour {-Cast -Tele rElec MR+ rCorr}
    26 | D        | Found the +18 shield of the Gong {rElec rN+ MR+ EV-5}
    26 | D        | Found the cursed +14 obsidian axe {chop, +Fly SInv *Curse}
    47 | D        | Found a blossoming altar of Fedhas.
    49 | D        | Found an opulent altar of Gozag.
    73 | D        | Found the +6 shillelagh "Devastator" {shatter}
    73 | D        | Found the +11 plutonium sword {*Contam Stlth-}
    73 | D        | Found the +8 lance "Wyrmbane" {slay drac, rPois rF+ rC+ AC+3}
    73 | D        | Found the +9 sword of Zonguldrok {reap}
    73 | D        | Found the cursed +13 scythe of Curses {drain, *Curse}
    73 | D        | Found the +0 sword of Power
    73 | D        | Found the +15 mace of Variability {chaos}
    73 | D        | Found the +7 Singing Sword
    73 | D        | Found the +7 longbow "Piercer" {penet, EV-2}
    73 | D        | Reached skill level 4 in Fighting
    73 | D        | Reached XP level 2. HP: 28/28 MP: 2/2
    82 | D        | Entered arena 2.
    82 | D        | Found a transporter.
    92 | D        | Entered arena 3.
    92 | D        | Noticed an eye of draining
    92 | D        | Noticed a floating eye
    92 | D        | Found a transporter.
    95 | D        | Killed a floating eye
    95 | D        | Reached skill level 6 in Fighting
    95 | D        | Reached skill level 5 in Dodging
    95 | D        | Reached XP level 3. HP: 38/38 MP: 0/3
    95 | D        | Reached XP level 4. HP: 45/45 MP: 0/4
    97 | D        | Killed an eye of draining
    97 | D        | Reached skill level 7 in Fighting
    97 | D        | Reached XP level 5. HP: 52/52 MP: 0/5
    98 | D        | Reached * piety under Trog
   104 | D        | Got the ring "Neddaed" {*Slow MP+9 Str+6 SInv Stlth-}
   106 | D        | Got the cursed ring "Onos" {rN++ Str-3 Stlth-}
   198 | D        | Entered arena 4.
   198 | D        | Found a transporter.
   199 | D        | Reached ** piety under Trog
   202 | D        | Reached skill level 8 in Fighting
   202 | D        | Reached skill level 5 in Throwing
   202 | D        | Reached XP level 6. HP: 47/61 MP: 6/6
   204 | D        | Reached *** piety under Trog
   267 | D        | Entered arena 5.
   267 | D        | Found a transporter.
   270 | D        | Received a gift from Trog
   274 | D        | Reached skill level 9 in Fighting
   345 | D        | Entered arena 6.
   345 | D        | Found a transporter.
   348 | D        | Reached **** piety under Trog
   348 | D        | Your scales start taking on a rich purple colour.
   348 | D        | Reached XP level 7. HP: 70/70 MP: 7/7
   352 | D        | Received a gift from Trog
   355 | D        | Reached skill level 10 in Fighting
   368 | D        | Got the ring "Femock" {Wiz rN+ SInv}
   553 | D        | Entered arena 7.
   554 | D        | Found a transporter.
   560 | D        | Reached ***** piety under Trog
   562 | D        | Received a gift from Trog
   662 | D        | Entered arena 8.
   662 | D        | Noticed a greater mummy
   662 | D        | Noticed a mummy priest
   663 | D        | Noticed a sixfirhy
   663 | D        | Noticed an orange demon
   663 | D        | Received a gift from Trog
   665 | D        | Noticed an ice devil
   665 | D        | Noticed a chaos spawn
   666 | D        | Slain by a sixfirhy

Vault maps used:
D:        sprint_v

Skill      XL: |  1  2  3  4  5  6  7 |
---------------+----------------------+-----
Fighting       | 4 6 7 8 9 10 | 10.4
Maces & Flails | 4 6 7 8 9 |  9.9
Throwing       | 3 4 5 6 |  6.4
Dodging        | 4 5 6 7 8 9 |  9.1

Action                   |  1- 3 |  4- 6 |  7- 9 || total
-------------------------+-------+-------+-------++-------
Melee: Maul              |     3 |    14 |    14 ||    31
Invok: Burn Spellbooks   |       |     1 |     1 ||     2
       Berserk           |       |     1 |     1 ||     2
       Brothers in Arms  |       |       |     1 ||     1
 Abil: Breathe Dispellin |       |       |     2 ||     2
  Use: Potion            |     1 |       |     1 ||     2
  Eat: Chunk             |       |       |     1 ||     1
Armor: Skin              |       |    10 |     9 ||    19
Dodge: Dodged            |     1 |    30 |    59 ||    90

Table legend:
 A = Spawn XP
 B = Non-spawn XP
 C = Spawn XP percentage of total XP
 D = Spawn monster count
 E = Non-spawn monster count
 F = Spawn count percentage of total count
 G = Total turns spent on level
                    A         B        C        D         E        F      G
               +---------+---------+-------+---------+---------+-------+---------
         Total |       0 |    1363 |   0.0 |       0 |      23 |   0.0 |   666
               +---------+---------+-------+---------+---------+-------+---------
             D |       0 |    1363 |   0.0 |       0 |      23 |   0.0 |   666
               +---------+---------+-------+---------+---------+-------+---------
